 Dungeon Crawl Stone Soup version 0.30.0-10-gfe55d96785 (webtiles) character file.

Game seed: 8013861320475562975

35 ryw the Trooper (level 3, -3/31 HPs)
             Began as a Demonspawn Monk on May 15, 2023.
             Slain by an iguana (12 damage)
             ... on level 2 of the Dungeon.
             The game lasted 00:01:58 (1278 turns).

ryw the Trooper (Demonspawn Monk)                   Turns: 1278, Time: 00:01:58

Health: -3/31      AC:  2    Str: 13    XL:     3   Next: 16%
Magic:  3/3        EV: 12    Int: 11    God:
Gold:   43         SH:  0    Dex: 15    Spells: 2/2 levels left

rFire   . .          .
                       - Unarmed
rCold   . . .        c - orb {light}
rNeg    . . .        a - +0 robe
rPois   .            (no helmet)
rElec   .            (no cloak)
rCorr   .            (no gloves)
SInv    .            (no boots)
Will    .....        (no amulet)
Stlth   +            (no ring)
HPRegen 0.25/turn    (no ring)
MPRegen 0.08/turn

%: no passive effects
@: confused, ambrosia-drunk, glowing
A: powered by death 1
a: no special abilities


You were on level 2 of the Dungeon.
You visited 1 branch of the dungeon, and saw 2 of its levels.

You collected 43 gold pieces.

Inventory:

Armour
 a - a +0 robe (worn)
 c - an orb of light (worn)
Jewellery
 f - a +4 ring of slaying
 h - a ring of positive energy
Wands
 o - a wand of digging (7)
Scrolls
 e - a scroll of amnesia
 g - 2 scrolls of magic mapping {unknown}
 j - 3 scrolls of torment {unknown}
 l - a scroll of noise {unknown}
Potions
 d - a potion of might
 i - a potion of heal wounds
 k - a potion of curing {unknown}
 m - a potion of magic {unknown}


   Skills:
 + Level 4.3 Fighting
 - Level 2.6 Dodging
 - Level 2.6 Unarmed Combat


You had 2 spell levels left.
You didn't know any spells.
Your spell library was empty.

Dungeon Overview and Level Annotations

Branches:
Dungeon (2/15)

Altars:

Shops:
D:1 (


Innate Abilities, Weirdness & Mutations

You regenerate a little health from kills.


Message History

You barely miss the iguana.
The iguana is lightly wounded.
The iguana bites you.
You hit the iguana.
The iguana is moderately wounded.
The iguana bites you!
You hit the iguana but do no damage.
The iguana is moderately wounded.
The iguana barely misses you.
You hit the iguana.
The iguana is moderately wounded.
The dart slug barely misses you. The iguana bites you.
You hit the iguana but do no damage.
The iguana is moderately wounded.
The iguana closely misses you. The dart slug barely misses you.
The iguana attacks as you move away! The iguana bites you!
* * * LOW HITPOINT WARNING * * *
The iguana attacks as you move away! The iguana barely misses you.
The iguana attacks as you move away! The iguana barely misses you.
The iguana closely misses you. The iguana attacks as you move away!
The iguana closely misses you.
You hit the iguana.
The iguana is moderately wounded.
The iguana closely misses you.
You are confused.
You feel invigorated. The iguana closely misses you.
You bump into the rock wall.
The iguana bites you!
* * * LOW HITPOINT WARNING * * *
You hit the iguana.
The iguana is heavily wounded.
The iguana barely misses you.
You hit the iguana but do no damage.
The iguana is heavily wounded.
The iguana bites you!
* * * LOW HITPOINT WARNING * * *
You hit the iguana but do no damage.
The iguana is heavily wounded.
The iguana misses you.
You bump into the rock wall.
The iguana bites you!
You die...

......##....#.#....#.#..
......###............#
..............##....##
....#............†####.#.....
..†.#........................
###.#...........#............
#.#..##.........##.#.......
#.#..##.......####..>.... .
##...###.......@lw# #... ...
##...###.P.~...###.###.#.....
.<...# #~~~P...# #........#
.....# #♣PP~...# ##.......#
.....# #......# #.......#
.....# #......# #.......#
.....# #......# #.......#
###### ######## #.......#
#########


You could see an iguana and a dart slug.

Vanquished Creatures
  2 dart slugs
  2 bats (D:1)
  3 endoplasms
  2 giant cockroaches (D:1)
  5 goblins
  2 hobgoblins (D:2)
  4 quokkas
  2 ball pythons
  3 frilled lizards
  A rat (D:1)
26 creatures vanquished.

Notes
Turn   | Place    | Note
-------+----------+-------------------------------------------
     0 | D:1      | ryw the Demonspawn Monk began the quest for the Orb.
     0 | D:1      | Reached XP level 1. HP: 18/18 MP: 1/1
    11 | D:1      | Found a faded altar of an unknown god.
   302 | D:1      | Found Plog's Weapon Shoppe.
   417 | D:1      | Gained mutation: You regenerate a little health from kills.
                  | [demonic ancestry]
   417 | D:1      | Reached XP level 2. HP: 25/25 MP: 2/2
   775 | D:1      | Reached skill level 4 in Fighting
  1128 | D:2      | Reached XP level 3. HP: 26/30 MP: 3/3
  1278 | D:2      | Slain by an iguana

Illustrated notes

Levels and vault maps discovered:
D:1:      tarquinn_simple_flora_water_d, layout_basic,
          chequers_ecumenical_altar_simple, serial_shops, shop,
          minmay_split_cup_large
D:2:      layout_rooms, kennysheep_nub, serial_bayou_pond_e,
          reono_crystal_passage

Skill      XL: |  1  2 |
---------------+-------+-----
Fighting       | 4 |  4.3
Dodging        | |  2.6
Unarmed Combat | |  2.6

Action                     || total
---------------------------++-------
  Melee: Unarmed           ||   115
    Use: Scroll            ||     3
         Potion            ||     1
 Armour: Robe              ||    17
  Dodge: Dodged            ||    75
